 Dungeon Crawl Stone Soup version 0.27.1-1-g398f81649c (webtiles) character file.

Game seed: 7164647676176884303

1883 styxcanada the Covert (level 8, -5/40 HPs)
             Began as a Spriggan Brigand on Sept 21, 2021.
             Was an Initiate of Gozag.
             Killed by divine providence
             ... invoked by an orc priest
              (11 damage)
             ... on level 6 of the Dungeon.
             The game lasted 00:25:56 (7070 turns).

styxcanada the Covert (Spriggan Brigand)            Turns: 7070, Time: 00:25:57

Health: -5/40      AC:  4    Str:  7    XL:     8   Next: 92%
Magic:  5/9        EV: 20    Int: 19    God:    Gozag
Gold:   1788       SH:  0    Dex: 18    Spells: 6/7 levels left

rFire    . . .     SeeInvis +   f - +1 dagger (flame)
rCold    . . .     Faith    .   (shield restricted)
rNeg     . . .     Spirit   .   b - +0 robe
rPois    .         Reflect  .   (helmet restricted)
rElec    .         Harm     .   c - +1 cloak
rCorr    .         Rampage  .   (gloves unavailable)
Will     +....                  (boots unavailable)
Stlth    +++++.....             (no amulet)
HPRegen  0.13/turn              n - +6 ring of intelligence
MPRegen  0.11/turn              (no ring)

@: very quick
A: very small, no large weapons, unfitting armour, see invisible, speed 3
a: Renounce Religion, Potion Petition, Call Merchant, Bribe Branch


You were on level 6 of the Dungeon.
You worshipped Gozag.
Gozag was most pleased with you.
You visited 2 branches of the dungeon, and saw 7 of its levels.

You collected 1845 gold pieces.
You paid 57 gold pieces to Gozag.

Inventory:

Hand Weapons
 a - a +2 dagger
 d - a +0 hunting sling
 f - a +1 dagger of flaming (weapon)
Missiles
 e - 2 curare-tipped darts
 g - 309 stones
 p - 5 poisoned darts (quivered)
Armour
 b - a +0 robe (worn)
 c - a +1 cloak (worn)
Jewellery
 n - a +6 ring of intelligence (left hand)
Wands
 h - a wand of flame (13)
Scrolls
 o - a scroll of enchant armour
 q - 2 scrolls of teleportation
Potions
 i - a potion of brilliance
 j - 6 potions of curing
 k - a potion of magic
 l - a potion of lignification {unknown}
 m - a potion of ambrosia {unknown}
 r - 3 potions of heal wounds {unknown}
 s - a potion of flight {unknown}
 t - a potion of invisibility {unknown}
 u - a potion of haste {unknown}


   Skills:
 + Level 3.3 Fighting
 + Level 5.1 Short Blades
 + Level 0.5(3.6) Slings
 + Level 4.8 Throwing
 * Level 5.8 Dodging
 * Level 12.8 Stealth
 * Level 0.4 Spellcasting
 * Level 0.5 Transmutations
 * Level 0.2 Poison Magic
 * Level 0.4 Evocations


You had 6 spell levels left.
You knew the following spells:

 Your Spells              Type           Power      Damage    Failure   Level
a - Sting                 Tmut/Pois      4%         1d3       17%         1

Your spell library contained the following spells:

 Spells                   Type           Power      Damage    Failure   Level
 Poisonous Vapours        Pois/Air       0%         N/A       28%         2
 Ozocubu's Armour         Ice            0%         N/A       52%         3
 Olgreb's Toxic Radiance  Pois           1%         N/A       87%         4
 Ozocubu's Refrigeration  Ice            0%         4d5       100%        7


Dungeon Overview and Level Annotations

Branches:
Dungeon (6/15)             Temple (1/1) D:4

Altars:
Cheibriados
Elyvilon
Gozag


Innate Abilities, Weirdness & Mutations

You are very small and have problems with some larger weapons.
You are too small for most types of armour.
You have supernaturally acute eyesight. (SInv)
You cover ground extremely quickly. (Speed+++)


Message History

The sting hits the orc warrior but does no damage.
The orc warrior looks even sicker.
The orc warrior hits you from afar with a +0 glaive!
* * * LOW HITPOINT WARNING * * *
Things that are here:
a +0 flail; a +0 scale mail
Casting: Sting (safe; 17% risk of failure)
Confirm with . or Enter, or press ? or * to list all spells.
Aiming: Sting (safe; 17% risk of failure)
Press: ? - help, Shift-Dir - straight line, f/p - orc warrior
Aim: an orc warrior, wielding a +0 glaive and wearing a +0 chain mail (lightly wounded, very poisoned, 60% to hit)
The sting hits the orc warrior but does no damage.
The orc warrior looks as sick as possible!
The orc warrior is lightly wounded.
The orc warrior barely misses you.
Casting: Sting (safe; 17% risk of failure)
Confirm with . or Enter, or press ? or * to list all spells.
You can't see any susceptible monsters within range! (Use Z to cast anyway.) Unknown command.
Throw: 7 darts (poison)
Press: ? - help, Q - select action, (/) - cycle Shift-Dir - straight line, f/p - orc warrior
Aim: an orc warrior, wielding a +0 glaive and wearing a +0 chain mail (heavily wounded, very poisoned, 61% to hit)
You throw a poisoned dart. The poisoned dart hits the orc warrior!
The orc warrior looks as sick as possible!
The orc warrior is heavily wounded.
Casting: Sting (safe; 17% risk of failure)
Confirm with . or Enter, or press ? or * to list all spells.
You can't see any susceptible monsters within range! (Use Z to cast anyway.) Unknown command.
Throw: 6 darts (poison)
Press: ? - help, Q - select action, (/) - cycle Shift-Dir - straight line, f/p - orc warrior
Aim: an orc warrior, wielding a +0 glaive and wearing a +0 chain mail (heavily wounded, extremely poisoned, 61% to hit)
You throw a poisoned dart.
The poisoned dart closely misses the orc warrior.
The poisoned dart hits the orc priest.
The orc priest is poisoned.
The orc priest casts a cantrip, but nothing happens.
The orc priest mumbles some strange prayers to Beogh against you.
Beogh smites you!
You die...
Your body crumbles into a pile of gold.

# #.## . ##.#.#
...
#.....####.....
#.#....@.'.....
#......###.....
####.#.# ... #
#.# . #o# #.#
###+### #(#
#.....#
#o#####.#.#.##.##
#o))ooo.$.......#


You could see an orc warrior (extremely poisoned) and an orc priest (poisoned).

Vanquished Creatures
  A water moccasin (D:5)
  Duvessa (D:5)
  An ice beast (D:5)
  A necrophage (D:5)
  2 sky beasts (D:5)
  6 ogres
  2 phantoms
  A scorpion (D:5)
  Dowan (D:5)
  A centaur skeleton (D:5)
  A hound (D:5)
  A centaur zombie (D:6)
  3 jellies
  2 bullfrog skeletons
  An orc priest (D:4)
  An iguana (D:4)
  2 orc wizards
  Ijyb (D:5)
  A hound zombie (D:5)
  3 gnolls (D:4)
  9 adders
  An ufetubus (D:4)
  An adder skeleton (D:4)
  2 dart slugs (D:1)
  12 orcs
  6 bats
  6 endoplasms
  A giant cockroach (D:2)
  7 goblins
  5 hobgoblins
  8 kobolds
  5 quokkas
  9 ball pythons
  2 frilled lizards (D:1)
  3 rats
110 creatures vanquished.

Notes
Turn   | Place    | Note
-------+----------+-------------------------------------------
     0 | D:1      | styxcanada the Spriggan Brigand began the quest for the
                  | Orb.
     0 | D:1      | Reached XP level 1. HP: 10/10 MP: 2/2
    60 | D:1      | Reached skill level 6 in Stealth
   405 | D:1      | Reached XP level 2. HP: 15/15 MP: 3/3
   981 | D:1      | Reached skill level 7 in Stealth
   981 | D:1      | Reached XP level 3. HP: 16/18 MP: 4/4
  2402 | D:2      | Reached XP level 4. HP: 4/23 MP: 5/5
  3865 | D:3      | Found a faded altar of an unknown god.
  3941 | D:4      | Reached skill level 8 in Stealth
  3960 | D:4      | Noticed an ogre
  3962 | D:4      | Found a staircase to the Ecumenical Temple.
  3967 | D:4      | Killed an ogre
  3968 | D:4      | Reached XP level 5. HP: 26/26 MP: 6/6
  3976 | Temple   | Entered the Ecumenical Temple
  3983 | Temple   | Became a worshipper of Gozag Ym Sagoz the Greedy
  4139 | D:4      | Noticed an ogre
  4144 | D:4      | Killed an ogre
  4145 | D:4      | Reached skill level 9 in Stealth
  4145 | D:4      | Reached XP level 6. HP: 32/32 MP: 7/7
  4689 | D:4      | Identified a scroll of acquirement
  4689 | D:4      | Acquired 1176 gold pieces
  4806 | D:4      | Reached XP level 7. HP: 35/35 MP: 8/8
  4815 | D:4      | Reached skill level 10 in Stealth
  5370 | D:5      | Entered Level 5 of the Dungeon
  5423 | D:5      | Noticed Ijyb
  5447 | D:5      | Killed Ijyb
  5733 | D:5      | Reached skill level 11 in Stealth
  5860 | D:5      | Reached XP level 8. HP: 40/40 MP: 9/9
  6041 | D:5      | Reached skill level 5 in Dodging
  6415 | D:5      | Noticed Duvessa
  6420 | D:5      | Noticed Dowan
  6423 | D:5      | Killed Duvessa
  6452 | D:5      | Reached skill level 12 in Stealth
  6461 | D:5      | Killed Dowan
  6598 | D:5      | Reached skill level 5 in Short Blades
  6631 | D:5      | Learned a level 1 spell: Sting
  7070 | D:6      | Killed from afar by an orc priest

Illustrated notes

Levels and vault maps discovered:
D:1:      dpeg_chamrin_arrival_tetris, layout_basic, minmay_heptomino_d4
D:2:      layout_basic, nrook_mini_backslash
D:3:      layout_rooms, dilly_ecumenical_altar_fadedgnrine
D:4:      layout_basic, minmay_temple_entry_slanted
D:5:      minmay_angry_zag, layout_loops_corners, uniq_ijyb, uniq_duvessa
D:6:      layout_loops_corners, serial_bayou_pond_b
Temple:   regret_index_temple_sigil_plot

Skill      XL: |  1  2  3  4  5  6  7  8 |
---------------+-------------------------+-----
Stealth        | 6 7 8 9 11 12 | 12.8
Fighting       | 2 3 |  3.3
Dodging        | 2 3 4 5 |  5.8
Short Blades   | 3 4 5 |  5.1
Throwing       | 3 4 |  4.8
Slings         | |  0.5
Spellcasting   | |  0.4
Transmutations | |  0.5
Poison Magic   | |  0.2
Evocations     | |  0.4

Action                   |  1- 3 |  4- 6 |  7- 9 || total
-------------------------+-------+-------+-------++-------
Melee: Dagger            |   110 |   106 |   145 ||   361
 Fire: Hunting sling     |       |       |     3 ||     3
Throw: Dart              |    22 |    27 |    45 ||    94
       Stone             |       |     2 |     1 ||     3
 Cast: Sting             |       |       |     9 ||     9
  Use: Scroll            |     5 |     1 |     5 ||    11
       Potion            |       |       |     2 ||     2
 Stab: Sleeping          |    14 |    11 |    15 ||    40
       Distracted        |       |     1 |     2 ||     3
Armor: Robe              |    16 |    11 |    18 ||    45
Dodge: Dodged            |    51 |    71 |    96 ||   218
